AoeStats
← PäriS

Arena

505437326Analyzed
2v2 RM · 23d ago on Sep 9, 2026· 54m 41s· 4 players
Game mode
Random Map
Map size
Medium (4 player)
Population
200
Speed
Normal
Resources
Standard
Victory
Conquest
Starting age
Dark Age
Ending age
Imperial Age
RankedLock teamsTeams togetherTeam positionsShared explorationLock speedFull tech treeHidden civsTurbo modeCheats
Victory
Defeat
🇩🇪 Chinese · Germany
600
+16
472
+21
🇮🇹 Persians · Italy
669
-21
🇪🇸 Spanish · Spain
534
-16
Vlugamer
10:58 Feudal Age
13:10 Loom
15:04 Forging
21:06 Castle Age
19:55 Double-Bit Axe
20:05 Horse Collar
29:00 Forging
28:41 Fletching
29:53 Husbandry
30:07 Bloodlines
30:10 Town Watch
31:47 Bodkin Arrow
35:13 Wheelbarrow
38:27 Imperial Age
36:36 Scale Barding Armor
40:43 Chemistry
39:30 Arrowslits
40:08 Ballistics
42:15 Cavalier
42:56 Gold Mining
46:28 Fortified Wall
46:47 Hand Cart
47:54 Elite Conquistador
49:00 Bracer
49:39 Iron Casting
48:45 Pikeman
53:31 Conscription
54:29 Supremacy
raffaelepierri1987
10:52 Feudal Age
19:13 Castle Age
17:11 Horse Collar
17:23 Stone Mining
17:59 Double-Bit Axe
20:06 Heavy Plow
25:05 Wheelbarrow
24:47 Gold Mining
33:54 Imperial Age
31:11 Loom
32:20 Bow Saw
32:49 Gold Shaft Mining
35:36 Chemistry
35:16 Crop Rotation
35:05 Masonry
35:38 Hand Cart
36:36 Two-Man Saw
35:20 Pikeman
36:01 Squires
36:29 Cavalier
37:11 Husbandry
39:58 Savar
42:09 Elite Skirmisher
42:10 Crossbowman
42:55 Thumb Ring
in bubble butts we trust
0:39 Loom
11:23 Feudal Age
11:46 Double-Bit Axe
12:53 Wheelbarrow
12:09 Town Watch
13:31 Horse Collar
23:49 Castle Age
24:11 Scale Mail Armor
24:21 Forging
24:25 Heavy Plow
24:54 Hand Cart
25:14 Fletching
26:32 Squires
26:49 Gold Mining
28:02 Kamandaran
28:36 Padded Archer Armor
28:21 Crossbowman
30:39 Leather Archer Armor
31:24 Gold Shaft Mining
32:20 Pikeman
33:23 Ballistics
33:03 Bodkin Arrow
33:42 Bow Saw
33:31 Stone Mining
34:34 Murder Holes
34:32 Heated Shot
35:51 Caravan
38:34 Imperial Age
39:56 Chemistry
39:35 Thumb Ring
52:20 Ring Archer Armor
53:07 Chain Mail Armor
53:27 Iron Casting
53:05 Masonry
53:03 Scale Barding Armor
PäriS
9:00 Feudal Age
10:55 Double-Bit Axe
12:34 Horse Collar
14:16 Wheelbarrow
19:18 Castle Age
17:53 Stone Mining
19:19 Fletching
19:29 Padded Archer Armor
20:15 Gold Mining
21:24 Hand Cart
22:26 Bow Saw
23:25 Bodkin Arrow
24:23 Gold Shaft Mining
25:38 Stone Shaft Mining
27:38 Leather Archer Armor
28:04 Thumb Ring
27:20 Elite Skirmisher
29:34 Crossbowman
31:24 Caravan
37:05 Imperial Age
35:05 Ballistics
34:54 Scale Barding Armor
38:08 Elite Chu Ko Nu
40:17 Ring Archer Armor
42:35 Two-Man Saw
41:45 Heavy Plow
41:33 Loom
41:37 Light Cavalry
47:14 Rocketry
48:44 Bloodlines
53:43 Chemistry
53:03 Husbandry
Connection lost

Rejoining the realm…

Still unreachable

The connection could not be restored.

Session expired

The server has moved on; the page needs a fresh start.